 Dungeon Crawl Stone Soup version 0.27.1-2-g3b301248ec (webtiles) character file.

Game seed: 4996322849444849162

16709 belegose the Covert (level 12, -7/64 HPs)
             Began as a Kobold Earth Elementalist on Oct 3, 2021.
             Was a High Priest of Dithmenos.
             Mangled by a sixfirhy (12 damage)
             ... on level 2 of the Orcish Mines.
             The game lasted 01:26:49 (18676 turns).

belegose the Covert (Kobold Earth Elementalist)    Turns: 18676, Time: 01:26:51

Health: -7/64      AC:  9    Str: 10    XL:     12   Next: 73%
Magic:  19/19      EV: 16    Int: 22    God:    Dithmenos [*****.]
Gold:   91         SH:  6    Dex: 19    Spells: 11/21 levels left

rFire    + . .     SeeInvis .   a - +2 rapier (protect)
rCold    . . .     Faith    .   S - +0 buckler
rNeg     . . .     Spirit   .   j - +1 ring mail {rF+}
rPois    .         Reflect  .   C - +0 helmet
rElec    .         Harm     .   u - +0 cloak
rCorr    .         Rampage  .   (no gloves)
Will     +++..                  o - +0 pair of boots
Stlth    ++++++++++             d - amulet of regeneration
HPRegen  1.20/turn              l - ring of wizardry
MPRegen  0.16/turn              V - ring "Miluj" {Contam Will+++ Int+6 Dex+3 Stlth+}

@: marked, hasted, wreathed by umbra, very quick
A: small, no large weapons, nightstalker 3
a: Renounce Religion, Shadow Step, Shadow Form


You were on level 2 of the Orcish Mines.
You worshipped Dithmenos.
Dithmenos was extremely pleased with you.
You visited 3 branches of the dungeon, and saw 13 of its levels.
You also visited: Ossuary.

You collected 1021 gold pieces.
You spent 930 gold pieces at shops.

Inventory:

Hand Weapons
 a - a +2 rapier of protection (weapon)
 b - a +0 dagger of venom
 v - a +2 short sword of holy wrath
 N - a +0 hand crossbow
 Q - a +4 falchion
Missiles
 c - 202 stones
 m - 33 boomerangs (quivered)
 n - 5 silver boomerangs
 s - 6 curare-tipped darts
 x - 44 bolts
 G - 85 poisoned darts
 J - 2 throwing nets
Armour
 j - a +1 ring mail of fire resistance (worn)
 o - a +0 pair of boots (worn)
 u - a +0 cloak (worn)
 C - a +0 helmet (worn)
 M - a +2 robe of positive energy
 S - a +0 buckler (worn)
Jewellery
 d - an amulet of regeneration (around neck)
 l - a ring of wizardry (left hand)
 K - a ring of ice
 V - the ring "Miluj" (right hand) {Contam Will+++ Int+6 Dex+3 Stlth+}
   (You bought it in a shop on level 4 of the Dungeon)

   [ring of intelligence]

   Int:       It affects your intelligence (+6).
   Dex:       It affects your dexterity (+3).
   Contam:    It causes magical contamination when unequipped.
   Will:      It greatly increases your willpower.
   Stlth:     It makes you more stealthy.
Wands
 r - a wand of iceblast (6)
 I - a wand of flame (23)
 O - a wand of acid (2)
 R - a wand of polymorph (5)
Scrolls
 e - 3 scrolls of teleportation
 h - 4 scrolls of magic mapping
 i - 4 scrolls of fear
 k - a scroll of brand weapon {unknown}
 p - a scroll of fog {unknown}
 q - a scroll of blinking
 t - 6 scrolls of amnesia
 F - 2 scrolls of vulnerability {unknown}
Potions
 g - a potion of mutation
 w - 8 potions of brilliance
 z - a potion of might
 A - 2 potions of ambrosia
 B - 2 potions of berserk rage
 D - 2 potions of flight
 E - 2 potions of curing
 H - 2 potions of heal wounds
 L - a potion of haste
Miscellaneous
 U - a condenser vane


   Skills:
 - Level 2.9 Fighting
 - Level 4.8 Short Blades
 + Level 0.0 Armour
 - Level 6.8 Dodging
 - Level 10.0 Stealth
 - Level 3.8 Shields
 - Level 5.2 Spellcasting
 - Level 5.4 Conjurations
 - Level 1.0 Transmutations
 - Level 7.0 Air Magic
 - Level 5.5 Earth Magic
 + Level 9.2 Poison Magic
 + Level 6.9 Invocations
 + Level 6.3 Evocations


You had 11 spell levels left.
You knew the following spells:

 Your Spells              Type           Power      Damage    Failure   Level
a - Sandblast             Erth           60%        2d14      1%          1
b - Poisonous Vapours     Pois/Air       82%        N/A       1%          2
c - Stone Arrow           Conj/Erth      58%        3d10      4%          3
d - Olgreb's Toxic Radia  Pois           46%        N/A       2%          4

Your spell library contained the following spells:

 Spells                   Type           Power      Damage    Failure   Level
 Magic Dart               Conj           100%       1d8       1%          1
 Sting                    Tmut/Pois      100%       1d8       1%          1
 Searing Ray              Conj           58%        3d5       1%          2
 Static Discharge         Conj/Air       33%        N/A       1%          2
 Passwall                 Tmut/Erth      16%        N/A       4%          2
 Freeze                   Ice            20%        1d4       12%         1
 Petrify                  Tmut/Erth      20%        N/A       30%         4
 Frozen Ramparts          Ice            10%        1d3       34%         3
 Gell's Gravitas          Tloc           2%         N/A       34%         3
 Lesser Beckoning         Tloc           2%         N/A       34%         3
 Portal Projectile        Hex/Tloc       10%        N/A       34%         3
 Teleport Other           Tloc           5%         N/A       34%         3
 Fulminant Prism          Conj/Hex       8%         3d7       36%         4
 Hailstorm                Conj/Ice       17%        3d6       36%         4
 Sticky Flame             Conj/Fire      17%        2d4       36%         4
 Dispel Undead            Necr           5%         3d7       73%         4
 Blade Hands              Tmut           5%         N/A       89%         5
 Excruciating Wounds      Necr           2%         N/A       96%         5


Dungeon Overview and Level Annotations

Branches:
Dungeon (10/15)            Temple (1/1) D:4             Orc (2/2) D:10
Ossuary (visited)
   Lair: D:8-11         Elf: Orc:2

Altars:
Cheibriados
Dithmenos
Elyvilon
Makhleb
Nemelex Xobeh
Okawaru
Qazlal
Ru
Sif Muna
Trog
Vehumet
Yredelemnul
Beogh

Shops:
D:4 =   D:8 ?   Orc:2 (


Innate Abilities, Weirdness & Mutations

You are small and have problems with some larger weapons.
You are completely attuned to the shadows.


Message History

The sixfirhy is lightly wounded.
You block the orc's attack.
Unknown command.
Casting: Poisonous Vapours (safe; 1% risk of failure)
Confirm with . or Enter, or press ? or * to list all spells.
Aiming: Stone Arrow (dangerous; 4% risk of failure)
Press: ? - help, Shift-Dir - straight line, f - sixfirhy
Aim: a sixfirhy (umbra, 38% to hit)
Okay, then.
Okay, then.
Aiming: Iceblast
Press: ? - help, Shift-Dir - straight line
Okay, then.
An orc priest comes into view. It is wielding a +0 mace.
You block the sixfirhy's attack. You block the orc's attack.
Aiming: Iceblast
Press: ? - help, Shift-Dir - straight line
Okay, then.
The sixfirhy closely misses you. The sixfirhy hits you!
The sixfirhy shocks you! The sixfirhy closely misses you.
You block the sixfirhy's attack.
The orc priest calls down the wrath of Beogh upon you.
Beogh smites you! The orc hits you but does no damage.
Unknown command.
The sixfirhy hits you. The sixfirhy shocks you!
Blink to where?
Press: ? - help, Dir - move target
As you read the scroll of blinking, it crumbles to dust.
An orc comes into view. It is wielding a +1 whip of freezing.
You feel yourself speed up. The sixfirhy hits you. The sixfirhy shocks you!
* * * LOW HITPOINT WARNING * * *
Unknown command.
Aiming: Corrosive Bolt
Press: ? - help, Shift-Dir - straight line, f - sixfirhy
Aim: a sixfirhy (umbra, 42% to hit)
The bolt of acid misses the sixfirhy.
The sixfirhy hits you!
* * * LOW HITPOINT WARNING * * *
The sixfirhy shocks you!
You die...

###..<.....# #........####.....
##..........#####........#.......
#............#...........#.......
#......##..........##....#......#
#......##..........#......o....##
......###.......#####.........###
.......#..........###.o.o.....##.
#.)....#....[......##..3......###
##.#...#....#...@3.#...#.........
###........###.......#####......
#....^..## ##........# ####...
#..<...### #..o...### ####......#
###....# #.........# #...###
####...#....#### ##....###
#.#....##....#.####......##
#..∩...##....#..##........#


You could see a sixfirhy and an orc.

Vanquished Creatures
  Josephine (Orc:1)
  A catoblepas (D:10)
  2 two-headed ogres
  Pikel (D:4)
  2 orc sorcerers
  Joseph (D:8)
  A gargoyle (D:10)
  A kobold demonologist (D:6)
  A komodo dragon (D:10)
  A troll (D:10)
  A shadow (D:10)
  6 wraiths
  9 yaks
  A wyvern (D:8)
  Grum (D:9)
  Eustachio (D:5)
  2 steam dragons
  2 wargs
  Edmund (D:4)
  A water moccasin (D:8)
  Duvessa (D:5)
  2 ice beasts
  2 black bears
  A sky beast (D:7)
  A necrophage (D:5)
  18 orc warriors
  15 ogres
  3 wolves
  4 centaurs
  4 kobold brigands
  6 gnoll sergeants
  Dowan (D:5)
  A bullfrog (D:9)
  A water moccasin zombie (D:5)
  3 scorpions
  A water moccasin skeleton (D:6)
  10 howler monkeys
  12 wights
  2 centaur zombies (D:5)
  A bullfrog zombie (D:7)
  9 hounds
  21 orc priests
  3 gnoll shamans (D:6)
  2 jellies (D:7)
  A bullfrog skeleton (D:4)
  2 iguanas
  26 orc wizards
  A killer bee zombie (D:6)
  A hound skeleton (D:5)
  A mummy (Ossuary)
  A howler monkey zombie (D:10)
  3 adders
  21 gnolls
  An ufetubus (D:6)
  5 worms
  2 dart slugs
  69 orcs
  4 ball pythons
  6 endoplasms
  4 giant cockroaches
  4 goblins
  6 hobgoblins
  15 kobolds
  2 quokkas
  A frilled lizard (D:1)
  3 gnoll skeletons (Ossuary)
  9 kobold skeletons (Ossuary)
  13 orc skeletons (Ossuary)
  7 rats
369 creatures vanquished.

Vanquished Creatures (others)
  3 fungi
  31 plants
34 creatures vanquished.

Grand Total: 403 creatures vanquished

Notes
Turn   | Place    | Note
-------+----------+-------------------------------------------
     0 | D:1      | belegose the Kobold Earth Elementalist began the quest for
                  | the Orb.
     0 | D:1      | Reached XP level 1. HP: 10/10 MP: 3/3
   380 | D:1      | Reached XP level 2. HP: 14/16 MP: 5/5
   520 | D:1      | Found a faded altar of an unknown god.
   534 | D:1      | Reached skill level 1 in Short Blades
   640 | D:1      | Reached skill level 1 in Fighting
  1301 | D:2      | Reached XP level 3. HP: 20/20 MP: 6/6
  1437 | D:2      | Reached skill level 3 in Stealth
  1638 | D:2      | Reached XP level 4. HP: 24/26 MP: 3/7
  2628 | D:3      | Reached skill level 1 in Evocations
  2774 | D:3      | Found a radiant altar of Vehumet.
  2825 | D:3      | Found a sparkling altar of Nemelex Xobeh.
  3577 | D:3      | Reached XP level 5. HP: 25/30 MP: 0/9
  3861 | D:4      | Found a shadowy altar of Dithmenos.
  3895 | D:4      | Became a worshipper of Dithmenos the Shadowed
  4120 | D:4      | Reached skill level 4 in Stealth
  4120 | D:4      | Reached XP level 6. HP: 31/36 MP: 10/10
  4160 | D:4      | Noticed Edmund
  4349 | D:4      | Found Zaex's Jewellery Boutique.
  4449 | D:4      | Learned a level 2 spell: Poisonous Vapours
  4462 | D:4      | Found a staircase to the Ecumenical Temple.
  4976 | D:5      | Entered Level 5 of the Dungeon
  5097 | D:5      | Noticed an ogre
  5136 | D:5      | Noticed Dowan
  5143 | D:5      | Noticed Duvessa
  5153 | D:5      | Noticed an ogre
  5201 | D:4      | Killed an ogre
  5202 | D:4      | Reached skill level 1 in Air Magic
  5202 | D:4      | Reached skill level 1 in Poison Magic
  5202 | D:4      | Reached XP level 7. HP: 40/40 MP: 11/11
  5295 | Temple   | Entered the Ecumenical Temple
  5402 | D:5      | Killed Duvessa
  5515 | D:5      | Identified the +4 dire flail of Fee Simple {flame, rF+
                  | Str+2}
  5530 | D:5      | Noticed Eustachio
  5707 | D:5      | Killed Eustachio
  5708 | D:5      | Reached XP level 8. HP: 39/45 MP: 5/12
  6150 | D:5      | Noticed Pikel
  6199 | D:4      | Killed Pikel
  6200 | D:4      | Reached skill level 5 in Air Magic
  6200 | D:4      | Reached skill level 5 in Poison Magic
  6252 | D:5      | Found a sacrificial altar of Ru.
  6299 | D:5      | Found a burning altar of Makhleb.
  6325 | D:5      | Reached XP level 9. HP: 46/49 MP: 10/13
  6373 | D:5      | Killed Dowan
  6907 | D:6      | Reached * piety under Dithmenos
  7317 | D:6      | Found a snail-covered altar of Cheibriados.
  7621 | D:6      | Learned a level 3 spell: Stone Arrow
  7727 | D:6      | Reached skill level 1 in Conjurations
  7810 | D:6      | Reached skill level 5 in Stealth
  8102 | D:6      | Reached XP level 10. HP: 55/55 MP: 10/16
  8145 | D:5      | Reached skill level 6 in Stealth
  8300 | D:6      | Reached ** piety under Dithmenos
  8439 | D:6      | Reached skill level 7 in Stealth
  8439 | D:6      | Reached skill level 5 in Spellcasting
  8621 | D:6      | Noticed a kobold demonologist
  9166 | D:6      | Noticed a sun demon
  9242 | D:6      | Noticed a rust devil
  9245 | D:6      | Noticed an ice devil
  9247 | D:6      | Killed a kobold demonologist
  9248 | D:6      | Reached skill level 8 in Stealth
 10011 | D:6      | Found a shimmering blue altar of Sif Muna.
 10454 | D:7      | Reached skill level 5 in Earth Magic
 10594 | D:7      | Reached *** piety under Dithmenos
 10786 | D:7      | Reached skill level 5 in Conjurations
 10958 | D:7      | Reached XP level 11. HP: 59/59 MP: 18/18
 10987 | D:7      | Found a stormy altar of Qazlal.
 11096 | D:7      | Identified the +5 quarterstaff "Kaec" {pain, rF+ Int+3}
 11252 | D:8      | Reached skill level 9 in Stealth
 11436 | D:8      | Found a sand-covered staircase.
 11442 | Ossuary  | Entered an ossuary
 11787 | Ossuary  | Reached **** piety under Dithmenos
 12022 | D:8      | Reached skill level 1 in Invocations
 12117 | D:8      | Found Nauc Pe Cear's Magic Scroll Shop.
 12140 | D:8      | Bought a scroll of identify for 24 gold pieces
 12140 | D:8      | Bought a scroll of identify for 24 gold pieces
 12248 | D:8      | Reached skill level 5 in Dodging
 12477 | D:8      | Noticed Joseph
 12482 | D:8      | Killed Joseph
 12948 | D:8      | Found a bloodstained altar of Trog.
 12959 | D:8      | Reached skill level 10 in Stealth
 13271 | D:9      | Learned a level 4 spell: Olgreb's Toxic Radiance
 13274 | D:9      | Noticed a two-headed ogre
 13278 | D:9      | Killed a two-headed ogre
 13460 | D:9      | Noticed Grum
 13507 | D:9      | Killed Grum
 13709 | D:9      | Found an iron altar of Okawaru.
 14664 | D:9      | Found a basalt altar of Yredelemnul.
 14720 | D:9      | Found a white marble altar of Elyvilon.
 14747 | D:10     | Entered Level 10 of the Dungeon
 14907 | D:10     | Noticed a catoblepas
 14929 | D:10     | Killed a catoblepas
 14930 | D:10     | Reached skill level 1 in Shields
 15036 | D:10     | Noticed a two-headed ogre
 15041 | D:10     | Killed a two-headed ogre
 15042 | D:10     | Reached skill level 5 in Invocations
 15151 | D:9      | Reached XP level 12. HP: 51/64 MP: 13/19
 15327 | D:10     | Reached ***** piety under Dithmenos
 15927 | D:10     | Found a staircase to the Orcish Mines.
 16542 | Orc:1    | Entered Level 1 of the Orcish Mines
 16559 | D:10     | Reached skill level 5 in Evocations
 17106 | Orc:1    | Noticed Josephine
 17110 | Orc:1    | Killed Josephine
 17363 | Orc:2    | Entered Level 2 of the Orcish Mines
 17365 | Orc:2    | Found Ybbitheng's Weapon Emporium.
 18414 | D:4      | Bought the ring "Miluj" {Contam Will+++ Int+6 Dex+3 Stlth+}
                  | for 882 gold pieces
 18455 | D:4      | Killed Edmund
 18666 | Orc:2    | Noticed a sixfirhy
 18676 | Orc:2    | Mangled by a sixfirhy

Illustrated notes

Levels and vault maps discovered:
D:1:      lightli_arrival_chessboard, layout_loops_corners,
          shapermc_ecumenical_altar_ellora
D:2:      layout_basic
D:3:      layout_loops_ring, vehumet_crystals,
          mainiacjoe_overflow_cross_hatched, roderic_roman_lattice
D:4:      layout_layer_cave, mainiacjoe_overflow_paths, temple_statues,
          serial_shops, nicolae_diamond_shop, corexii_leaking_fountain,
          uniq_edmund
D:5:      layout_cave_pools, makhleb_blood_cavern_becter,
          nicolae_ru_sacrificial_ziggurat, serial_bayou, serial_bayou_ford_a,
          serial_bayou_pond_d, serial_bayou_pond_c, serial_bayou_pond_e,
          uniq_pikel, uniq_eustachio, uniq_duvessa
D:6:      lemuel_castle_with_subvaults [lemuel_castle_interior_carwin_3],
          layout_basic, chei_slow_surprise, tgw_sif, portal_sewer_entry_e
D:7:      layout_rooms, kennysheep_little_box
D:8:      layout_basic, mainiacjoe_overflow_alcove_1, serial_shops,
          nicolae_shop_trees, nicolae_ossuary_entry_plus, uniq_joseph
D:9:      layout_cross, kennysheep_ying_yang, okawaru_gym_becter,
          grunt_decor_mini_mirrors, uniq_grum
D:10:     layout_cave_pools, david_orc_5
Temple:   zaba_magenta_temple
Orc:1:    layout_caves, nicolae_orc_rockfall, uniq_josephine
Orc:2:    pf_orc_diabolical, layout_diamond_mine, serial_shops, shop,
          statue_in_the_mist_lemuel, hangedman_minor_magic

Skill      XL: |  1  2  3  4  5  6  7  8  9 10 11 12 |
---------------+-------------------------------------+-----
Short Blades   | 1 4 |  4.8
Fighting       | 1 2 |  2.9
Stealth        | 3 4 5 8 10 | 10.0
Evocations     | 1 2 3 6 |  6.3
Dodging        | 3 4 6 |  6.8
Spellcasting   | 3 4 5 |  5.2
Earth Magic    | 4 5 |  5.5
Air Magic      | 1 3 5 7 |  7.0
Poison Magic   | 1 3 5 7 8 9 |  9.2
Conjurations   | 2 5 |  5.4
Invocations    | 5 6 |  6.9
Shields        | 1 3 |  3.8
Transmutations | |  1.0

Action                   |  1- 3 |  4- 6 |  7- 9 | 10-12 || total
-------------------------+-------+-------+-------+-------++-------
Melee: Unarmed           |    15 |       |       |       ||    15
       Dagger            |    79 |    72 |       |       ||   151
       Whip              |       |    37 |    24 |       ||    61
       Short sword       |       |    11 |    36 |    82 ||   129
       Rapier            |       |       |   186 |   674 ||   860
Throw: Boomerang         |       |     4 |     6 |    14 ||    24
       Stone             |       |       |     7 |       ||     7
 Cast: Sandblast         |    10 |    26 |    26 |       ||    62
       Poisonous Vapours |       |     1 |    65 |   206 ||   272
       Stone Arrow       |       |       |       |   118 ||   118
       Olgreb's Toxic Ra |       |       |       |     8 ||     8
Invok: Shadow Step       |       |       |       |     2 ||     2
Evoke: Wand              |       |     2 |       |    24 ||    26
  Use: Scroll            |       |       |       |    17 ||    17
       Potion            |       |       |       |     1 ||     1
 Stab: Sleeping          |     8 |    13 |     3 |    26 ||    50
       Distracted        |       |     1 |     3 |     4 ||     8
       Paralysed         |       |     2 |       |       ||     2
Armor: Robe              |     9 |    13 |    69 |   135 ||   226
       Ring mail         |       |       |       |     1 ||     1
Dodge: Dodged            |    55 |    86 |   276 |   632 ||  1049
Block: Buckler           |       |       |       |    74 ||    74
